AoeStats
← quentin.messager.cm

Arena

506326783Analyzed
4v4 RM · 21d ago on Sep 13, 2026· 36m 12s· 8 players
Game mode
Random Map
Map size
Large (8 player)
Population
200
Speed
Normal
Resources
Standard
Victory
Conquest
Starting age
Dark Age
Ending age
Imperial Age
RankedLock teamsTeams togetherTeam positionsShared explorationLock speedFull tech treeHidden civsTurbo modeCheats
Victory
Defeat
🇲🇽 Burmese · Mexico
1013
+11
🇨🇳 Slavs · China
985
+12
🇮🇩 Malians · Indonesia
954
+13
🇨🇳 Franks · China
940
+14
🇮🇩 Maya · Indonesia
1068
-19
🇫🇷 Goths · France
851
-11
🇨🇳 Mongols · China
839
-10
🇲🇽 Koreans · Mexico
836
-10
Paladins Order
5:35 Loom
10:13 Feudal Age
15:45 Castle Age
14:54 Horse Collar
15:00 Double-Bit Axe
17:17 Man-at-Arms
24:53 Squires
25:51 Bow Saw
26:38 Scale Mail Armor
28:06 Arson
27:44 Long Swordsman
32:26 Forging
32:50 Fletching
35:32 Iron Casting
35:56 Chain Mail Armor
kiubi23cch
9:19 Feudal Age
15:13 Castle Age
13:55 Horse Collar
17:29 Loom
24:32 Redemption
26:32 Wheelbarrow
32:58 Imperial Age
31:49 Sanctity
32:22 Heavy Plow
33:03 Capped Ram
心焰
10:44 Feudal Age
11:47 Double-Bit Axe
14:28 Castle Age
12:48 Horse Collar
16:14 Bow Saw
21:05 Wheelbarrow
21:40 Heavy Plow
22:24 Gold Mining
27:58 Imperial Age
25:52 Hand Cart
26:14 Loom
26:15 Town Watch
26:04 Man-at-Arms
26:05 Pikeman
26:45 Squires
26:54 Scale Mail Armor
27:36 Forging
27:38 Long Swordsman
28:37 Chain Mail Armor
29:01 Iron Casting
28:12 Capped Ram
28:17 Halberdier
28:55 Two-Handed Swordsman
30:09 Plate Mail Armor
29:10 Siege Ram
31:23 Blast Furnace
30:56 Conscription
30:50 Druzhina
30:36 Champion
35:07 Scale Barding Armor
34:53 Fletching
35:21 Siege Engineers
36:11 Onager
gongyi528
Silver
1:46 Loom
11:27 Feudal Age
12:07 Double-Bit Axe
12:05 Horse Collar
14:20 Wheelbarrow
20:26 Castle Age
18:43 Stone Mining
19:11 Gold Mining
21:54 Hand Cart
21:56 Bow Saw
22:27 Stone Shaft Mining
23:56 Heavy Plow
28:04 Elite Skirmisher
30:31 Scale Mail Armor
30:41 Forging
30:37 Scale Barding Armor
34:29 Ballistics
quentin.messager.cm
7:26 Loom
10:03 Feudal Age
10:13 Feudal Age
10:46 Horse Collar
11:02 Double-Bit Axe
11:52 Gold Mining
13:43 Wheelbarrow
14:23 Horse Collar
20:17 Castle Age
18:33 Town Watch
Chelsea Smile
10:24 Feudal Age
12:43 Double-Bit Axe
13:04 Town Watch
15:31 Castle Age
13:24 Horse Collar
14:20 Gold Mining
14:40 Stone Mining
16:49 Bow Saw
18:14 Wheelbarrow
19:24 Heavy Plow
21:19 Stone Shaft Mining
22:17 Fletching
22:52 Bodkin Arrow
23:33 Padded Archer Armor
24:47 Ballistics
24:45 Scale Mail Armor
24:55 Forging
25:54 Chain Mail Armor
27:56 Iron Casting
28:29 Fortified Wall
29:12 Eagle Warrior
34:51 Imperial Age
NthEagle7752776
14:34 Feudal Age
19:21 Castle Age
17:29 Horse Collar
17:38 Double-Bit Axe
18:46 Stone Mining
18:49 Gold Mining
22:09 Fortified Wall
25:36 Ballistics
26:02 Loom
26:53 Wheelbarrow
27:38 Murder Holes
28:31 Stone Shaft Mining
28:12 Bow Saw
31:35 Hand Cart
35:52 Imperial Age
34:23 Gold Shaft Mining
33:55 Heavy Plow
34:50 Bloodlines
34:41 Husbandry
34:02 Light Cavalry
35:23 Scale Barding Armor
35:29 Forging
Connection lost

Rejoining the realm…

Still unreachable

The connection could not be restored.

Session expired

The server has moved on; the page needs a fresh start.